 Dungeon Crawl Stone Soup version 0.24-a0-361-g57161393b2 (webtiles) character file.

Game seed: 15333944119541541076

270 myga the Scholar of Death (level 6, 0/32 HPs)
             Began as a Deep Elf Necromancer on May 26, 2019.
             Was a Follower of Kikubaaqudgha.
             Slain by an ice beast (13 damage)
             ... on level 4 of the Dungeon.
             The game lasted 00:17:47 (4515 turns).

myga the Scholar of Death (Deep Elf Necromancer)    Turns: 4515, Time: 00:17:48

Health: 0/32       AC:  4    Str:  5    XL:     6   Next: 1%
Magic:  9/16       EV: 14    Int: 20    God:    Kikubaaqudgha [*.....]
Gold:   123        SH:  0    Dex: 17    Spells: 0/15 levels left

rFire    . . .     SeeInvis .   m - +2 dagger (venom)
rCold    . . .     Gourm    .   (no shield)
rNeg     . . .     Faith    .   a - +0 robe
rPois    .         Spirit   .   o - +1 helmet
rElec    .         Reflect  .   (no cloak)
rCorr    .         Harm     .   (no gloves)
MR       .....                  (no boots)
Stlth    ++........             (no amulet)
HPRegen  0.10/turn              (no ring)
MPRegen  0.15/turn              (no ring)

@: no status effects
A: no striking features
a: Receive Corpses, Renounce Religion


You were on level 4 of the Dungeon.
You worshipped Kikubaaqudgha.
Kikubaaqudgha was aware of your devotion.
You were not hungry.

You visited 1 branch of the dungeon, and saw 4 of its levels.

You collected 123 gold pieces.

Inventory:

Hand Weapons
 m - a +2 dagger of venom (weapon)
Missiles
 b - 72 stones
 q - 3 silver boomerangs (quivered)
Armour
 a - a +0 robe (worn)
 o - a +1 helmet (worn)
Scrolls
 e - a scroll of enchant weapon
 g - 2 scrolls of teleportation
 j - a scroll of immolation
 k - a scroll of noise {unknown}
 l - 2 scrolls of enchant armour
 p - a scroll of remove curse {unknown}
Potions
 d - 4 potions of curing
 f - a potion of mutation
 h - a potion of haste
 n - a potion of might
Comestibles
 c - 7 rations
 i - 2 chunks of flesh


   Skills:
 + Level 1.2 Short Blades
 + Level 3.2 Dodging
 + Level 2.7 Stealth
 + Level 5.4 Spellcasting
 + Level 6.9 Necromancy


You couldn't memorise any spells.
You knew the following spells:

 Your Spells              Type           Power        Failure   Level  Hunger
a - Pain                  Necr           ####         1%          1    None
b - Animate Skeleton      Necr           N/A          1%          1    None
c - Vampiric Draining     Necr           ####......   1%          3    ##.....
d - Regeneration          Chrm/Necr      ###.......   8%          3    ##.....
e - Magic Dart            Conj           #...         11%         1    None
f - Animate Dead          Necr           N/A          6%          4    ####...
g - Corpse Rot            Necr           N/A          1%          2    None

Your spell library contained the following spells:

 Spells                   Type           Power        Failure   Level  Hunger
 Sublimation of Blood     Necr           ####......   1%          2    None
 Beastly Appendage        Tmut           #.....       11%         1    None
 Sticks to Snakes         Tmut           #.......     17%         2    None
 Spider Form              Tmut/Pois      #.........   32%         3    ##.....
 Ice Form                 Ice/Tmut       #.......     73%         4    ####...
 Blade Hands              Tmut           #.........   97%         5    #####..


Dungeon Overview and Level Annotations

Branches:
Dungeon (4/15)
 Temple: D:4-7

Altars:
Kikubaaqudgha
Nemelex Xobeh
Sif Muna
Vehumet


Message History

Confirm with . or Enter, or press ? or * to list all spells.
Aiming: Pain (safe; 1% risk of failure)
Press: ? - help, Shift-Dir - straight line, f/p - ice beast
Aim: an ice beast (heavily wounded, chance to defeat MR: 84%)
The ice beast writhes in agony!
The ice beast barely misses you.
Casting: Pain (safe; 1% risk of failure)
Confirm with . or Enter, or press ? or * to list all spells.
Aiming: Pain (safe; 1% risk of failure)
Press: ? - help, Shift-Dir - straight line, f/p - ice beast
Aim: an ice beast (severely wounded, chance to defeat MR: 84%)
The ice beast writhes in agony.
The ice beast hits you. The ice beast freezes you!
You barely miss the ice beast.
The ice beast is almost dead.
The ice beast completely misses you.
You hit the ice beast but do no damage.
The ice beast is almost dead.
The ice beast hits you. The ice beast freezes you!
You die...
Kikubaaqudgha rasps: "You have failed me!
Welcome... death!"

###.###.##
#........ .
#...[...# ..
#.......#...
#.........
#.......#
#.##....Y..#...
..)....@.......
....####.#####.
. .# .# .# .#
.. ##


You could see an ice beast.

Vanquished Creatures
  2 orc priests (D:3)
  An orc wizard (D:3)
  Robin (D:2)
  5 adders
  2 oozes (D:3)
  2 worms
  3 dart slugs
  3 leopard geckos
  12 orcs (D:3)
  A ball python (D:3)
  5 giant cockroaches
  13 goblins
  13 hobgoblins
  4 jackals (D:1)
  A quokka (D:4)
  6 bats
  7 frilled lizards
  10 kobolds
  4 rats
95 creatures vanquished.

Vanquished Creatures (collateral kills)
  A worm (D:2)
  A kobold (D:2)
2 creatures vanquished.

Grand Total: 97 creatures vanquished

Notes
Turn   | Place    | Note
-------+----------+-------------------------------------------
     0 | D:1      | myga the Deep Elf Necromancer began the quest for the Orb.
     0 | D:1      | Reached XP level 1. HP: 10/10 MP: 6/6
     2 | D:1      | Learned a level 1 spell: Animate Skeleton
   236 | D:1      | Reached skill level 5 in Necromancy
   268 | D:1      | Reached XP level 2. HP: 7/15 MP: 1/8
  1568 | D:2      | Reached XP level 3. HP: 7/19 MP: 2/9
  1825 | D:2      | Reached skill level 6 in Necromancy
  2158 | D:2      | Learned a level 3 spell: Vampiric Draining
  2162 | D:2      | Learned a level 3 spell: Regeneration
  2263 | D:2      | Found a radiant altar of Vehumet.
  2272 | D:2      | Identified Vehumet's Compendium of Attacks
  2275 | D:2      | Found an ancient bone altar of Kikubaaqudgha.
  2276 | D:2      | Found a deep blue altar of Sif Muna.
  2296 | D:2      | Reached XP level 4. HP: 21/24 MP: 6/11
  2307 | D:2      | Noticed Robin
  2390 | D:2      | HP: 1/24 [Robin/+0 spear (1)]
  2445 | D:2      | Killed Robin
  2445 | D:2      | Reached skill level 1 in Short Blades
  2829 | D:2      | Learned a level 1 spell: Magic Dart
  2867 | D:2      | Became a worshipper of Kikubaaqudgha
  3239 | D:3      | Found a sparkling altar of Nemelex Xobeh.
  3472 | D:3      | Reached XP level 5. HP: 27/28 MP: 12/14
  3496 | D:3      | Reached skill level 5 in Spellcasting
  3555 | D:3      | Learned a level 4 spell: Animate Dead
  3773 | D:3      | Reached * piety under Kikubaaqudgha
  3773 | D:3      | Identified Kikubaaqudgha's Compendium of Evil
                  | (Kikubaaqudgha gifted it to you on level 3 of the Dungeon)
  3773 | D:3      | Received a gift from Kikubaaqudgha
  4292 | D:3      | Reached XP level 6. HP: 29/32 MP: 12/16
  4311 | D:3      | Learned a level 2 spell: Corpse Rot
  4504 | D:4      | Noticed an ice beast
  4515 | D:4      | Slain by an ice beast

Levels and vault maps discovered:
D:1:      kilobyte_arrival_exit_the_forest, layout_basic, serial_glass,
          glass_columns_c, glass_columns_b, palyth_stone_intersect
D:2:      layout_rooms, grunt_temple_overflow_magic_moments, uniq_robin
D:3:      layout_loops_cross, nemelex_xobeh_ov_fountains_minmay,
          minmay_pentomino_pile
D:4:      minmay_recursive_quarters, layout_loops_cross, kennysheep_mini,
          chequers_temple_overflow_statue_of_worship, serial_shops, shop,
          first_ration, nicolae_ru_sacrificial_ziggurat

Skill      XL: |  1  2  3  4  5 |
---------------+----------------+-----
Necromancy     | 5 6 |  6.9
Spellcasting   | 4 5 |  5.4
Short Blades   | 1 |  1.2
Dodging        | 3 |  3.2
Stealth        | |  2.7

Action                   |  1- 3 |  4- 6 || total
-------------------------+-------+-------++-------
Melee: Unarmed           |     2 |       ||     2
       Dagger            |     3 |    58 ||    61
Throw: Stone             |     7 |     7 ||    14
       Boomerang         |       |     6 ||     6
 Cast: Pain              |    62 |    85 ||   147
       Animate Skeleton  |    12 |    13 ||    25
  Use: Potion            |     2 |     1 ||     3
       Scroll            |       |     6 ||     6
 Stab: Sleeping          |     4 |     2 ||     6
  Eat: Chunk             |     4 |     3 ||     7
       Ration            |       |     1 ||     1
Armor: Robe              |     3 |     4 ||     7
Dodge: Dodged            |    10 |    55 ||    65

Table legend:
 A = Non-vault XP
 B = Vault XP
 C = Vault XP percentage of total XP
 D = Non-vault monster count
 E = Vault monster count
 F = Vault count percentage of total count
                 A         B        C        D         E       F
            +---------+---------+-------+---------+---------+-------
      Total |     344 |      43 |  11.1 |      79 |      18 |  18.6
            +---------+---------+-------+---------+---------+-------
        D:1 |      29 |       0 |   0.0 |      19 |       0 |   0.0
        D:2 |      91 |      36 |  28.3 |      23 |      13 |  36.1
        D:3 |     222 |       7 |   3.1 |      36 |       5 |  12.2
        D:4 |       2 |       0 |   0.0 |       1 |       0 |   0.0
            +---------+---------+-------+---------+---------+-------
